 Dungeon Crawl Stone Soup version 0.23-a0-480-g1869896531 (webtiles) character file.

11744 Rrauwl the Severer (level 11, -9/97 HPs)
             Began as a Hill Orc Monk on Nov 29, 2018.
             Was an Elder of Zin.
             Mangled by Snorg (13 damage)
             ... on level 10 of the Dungeon.
             The game lasted 00:30:57 (10413 turns).

Rrauwl the Severer (Hill Orc Monk)                 Turns: 10413, Time: 00:30:57

Health: -9/97      AC: 26    Str: 18    XL:     11   Next: 82%
Magic:  14/14      EV: 10    Int: 21    God:    Zin [****..]
Gold:   352        SH:  0    Dex: 18    Spells: 10/10 levels left

rFire    + . .     SeeInvis .   a - +2 war axe (elec)
rCold    + + .     Gourm    .   (no shield)
rNeg     . . .     Faith    .   J - +2 gold dragon scales of Fajiuxke {*Corrode rElec rPois rF+ rC+ Int+9 Stlth-}
rPois    +         Spirit   .   K - +1 hat
rElec    +         Reflect  .   p - +2 cloak {rPois}
rCorr    .         Harm     .   n - +2 pair of gloves
MR       +....                  (no boots)
Stlth    ..........             l - amulet of the acrobat
HPRegen  0.26/turn              v - ring of wizardry
MPRegen  0.14/turn              E - ring of stealth

@: agile
A: clever 1, cold resistance 1, magic resistance 1
a: Recite, Vitalisation, Imprison, Donate Gold, Renounce Religion, Convert to
Beogh


You were on level 10 of the Dungeon.
You worshipped Zin.
Zin was greatly pleased with you.
You were hungry.

You visited 2 branches of the dungeon, and saw 11 of its levels.

You collected 521 gold pieces.
You spent 130 gold pieces at shops.
You donated 39 gold pieces to Zin.

Inventory:

Hand Weapons
 a - a +2 war axe of electrocution (weapon)
 c - a +1 hand axe of flaming
 D - the +11 trident "Ultimatum" {drain, Dex+3}
   (You took it off a spriggan on level 8 of the Dungeon)

   A truly terrible weapon, it drains the life of those it strikes.
   It affects your dexterity (+3).
   Zin disapproves of the use of such an item.
 L - a +1 vampiric war axe
Missiles
 h - 2 throwing nets (quivered)
 k - 57 bolts
Armour
 n - a +2 pair of gloves (worn)
 o - a +2 robe of the Archmagi
 p - a +2 cloak of poison resistance (worn)
 J - the +2 gold dragon scales of Fajiuxke (worn) {*Corrode rElec rPois rF+ rC+ Int+9 Stlth-}
   (You found it on level 9 of the Dungeon)

   It affects your intelligence (+9).
   It protects you from fire.
   It protects you from cold.
   It insulates you from electricity.
   It protects you from poison.
   It may corrode you when you take damage.
   It makes you less stealthy.
 K - a +1 hat (worn)
Jewellery
 f - an uncursed amulet of the gourmand
 l - an amulet of the acrobat (around neck)
 v - a ring of wizardry (left hand)
 E - a ring of stealth (right hand)
 I - an uncursed amulet of magic regeneration
Wands
 d - a wand of iceblast (12)
 r - a wand of disintegration (2)
 w - a wand of flame (31)
 y - a wand of digging (5)
Scrolls
 b - 6 scrolls of remove curse
 g - 5 scrolls of teleportation
 i - 11 scrolls of identify
 j - 5 scrolls of fear
 m - a scroll of magic mapping
 t - a scroll of brand weapon
 u - a scroll of enchant armour
 G - a scroll of amnesia
Potions
 q - a potion of heal wounds
 x - 3 potions of brilliance
 z - 2 potions of mutation
 A - 2 potions of curing
 B - a potion of might
Miscellaneous
 F - a lamp of fire
 H - a sack of spiders
Comestibles
 e - 18 rations
 C - 6 chunks of flesh


   Skills:
 + Level 9.2 Fighting
 - Level 16.0 Axes
 + Level 8.8 Armour
 + Level 4.9 Dodging
 - Level 2.0 Stealth
 + Level 4.1 Invocations
 - Level 5.0 Evocations


You had 10 spell levels left.
You didn't know any spells.
Your spell library contained the following spells:

 Spells                   Type           Power        Failure   Level  Hunger
 Infusion                 Chrm           #...         100%        1    ##.....


Dungeon Overview and Level Annotations

Branches:
Dungeon (10/15)            Temple (1/1) D:7            Lair (0/6) D:9
    Orc: D:9-12

Altars:
Ashenzari
Cheibriados
Dithmenos
Elyvilon
Fedhas
Gozag
Hepliaklqana
Kikubaaqudgha
Makhleb
Nemelex Xobeh
Okawaru
Qazlal
Ru
Sif Muna
Trog
Uskayaw
Vehumet
Wu Jian
Xom
Yredelemnul
Zin
The Shining One

Shops:
D:4 !

Annotations:
D:10 Snorg


Innate Abilities, Weirdness & Mutations

Your mind is acute. (Int +2)
Your flesh is cold resistant. (rC+)
You are resistant to hostile enchantments. (MR+)


Message History

Snorg is severely wounded.
Snorg closely misses you. Snorg barely misses you.
Snorg claws you but does no damage.
You slash Snorg!
Snorg is severely wounded.
Snorg bites you! Snorg claws you!
* * * LOW HITPOINT WARNING * * *
Snorg claws you!
* * * LOW HITPOINT WARNING * * *
The orc priest threatens, "By the altar or by the axe, you will meet Beogh!"
You hit Snorg.
Snorg is severely wounded.
Snorg barely misses you. Snorg claws you but does no damage. Snorg misses you.
You hit Snorg.
Snorg is severely wounded.
Snorg barely misses you. x3
You closely miss Snorg.
Snorg is severely wounded.
Snorg bites you!
You die...

#...#[).'..#..+
#...#...###.###
#...#...#.†...#
#...#...###'###
#...#...#.(##.#
#...#...##....#
#...+#)#.#+
#...#..(.##
#.##@.# ###T###
.......o.o.o...
##.##........oo
##......###
....PP.#
....≈≈≈.#
...P5≈♣≈#
.....≈.≈.#


You could see Snorg (berserk) and an orc priest.

Vanquished Creatures
  A hydra (D:9)
  A two-headed ogre (D:8)
  A queen ant (D:9)
  The ghost of Shaidar the Thaumaturge, a novice GnWz (D:8)
  Pikel (D:7)
  2 trolls
  A polar bear (D:8)
  2 hippogriffs
  2 dream sheep (D:9)
  2 spriggans (D:8)
  7 yaks (D:9)
  A wraith (D:10)
  7 soldier ants (D:9)
  A water moccasin (D:10)
  Menkaure (D:5)
  Duvessa (D:5)
  3 porcupines (D:9)
  A sky beast (D:7)
  2 slaves (D:7)
  2 ice beasts
  A phantom (D:4)
  4 ogres
  A necrophage (D:8)
  5 centaurs
  3 crocodiles (D:9)
  3 big kobolds (D:9)
  4 bullfrogs
  A wyvern skeleton (D:10)
  Dowan (D:5)
  A water moccasin zombie (D:9)
  3 scorpions
  10 wights
  2 howler monkeys (D:8)
  A jelly (D:8)
  3 crimson imps
  A quasit (D:9)
  2 centaur zombies
  A bullfrog skeleton (D:4)
  6 hounds
  9 orc wizards
  3 orc priests
  Crazy Yiuf (D:6)
  27 worker ants
  5 iguanas
  A hound zombie (D:6)
  A worker ant zombie (D:9)
  8 gnolls
  8 adders
  2 shadow imps
  An ooze (D:2)
  3 adder skeletons
  3 worms
  A dart slug (D:3)
  4 leopard geckos
  22 orcs
  3 bats
  4 giant cockroaches
  9 goblins
  4 hobgoblins
  6 jackals
  6 quokkas
  A ball python (D:1)
  10 frilled lizards
  8 kobolds
  5 rats
  3 plants (D:9)
251 creatures vanquished.

Vanquished Creatures (others)
  A bush (D:9)
  4 fungi
  10 plants
15 creatures vanquished.

Grand Total: 266 creatures vanquished

Notes
Turn   | Place    | Note
-------+----------+-------------------------------------------
     0 | D:1      | Rrauwl the Hill Orc Monk began the quest for the Orb.
     0 | D:1      | Reached XP level 1. HP: 19/19 MP: 1/1
   160 | D:1      | Reached XP level 2. HP: 25/27 MP: 2/2
   682 | D:2      | Reached skill level 1 in Armour
   682 | D:2      | Reached XP level 3. HP: 31/33 MP: 3/3
  1053 | D:2      | Reached XP level 4. HP: 40/40 MP: 4/4
  1533 | D:3      | Reached skill level 5 in Axes
  1557 | D:3      | Reached XP level 5. HP: 25/46 MP: 5/5
  2660 | D:3      | Reached skill level 6 in Axes
  2701 | D:2      | Reached XP level 6. HP: 38/52 MP: 6/6
  2969 | D:3      | Gained mutation: Your flesh is cold resistant. (rC+)
                  | [potion of mutation]
  2969 | D:3      | Gained mutation: Your mind is acute. (Int +2) [potion of
                  | mutation]
  2969 | D:3      | Gained mutation: You are resistant to hostile enchantments.
                  | (MR+) [potion of mutation]
  3328 | D:4      | Noticed a phantom
  3374 | D:4      | Found Emihaim's Distillery.
  3377 | D:4      | Bought a potion of agility for 52 gold pieces
  3377 | D:4      | Bought a potion of lignification for 39 gold pieces
  3377 | D:4      | Bought a potion of flight for 39 gold pieces
  3411 | D:4      | Reached skill level 7 in Axes
  3437 | D:4      | Killed a phantom
  3437 | D:4      | Reached XP level 7. HP: 50/59 MP: 7/7
  3579 | D:4      | Found an opulent altar of Gozag.
  3657 | D:4      | Found a deep blue altar of Sif Muna.
  3778 | D:4      | Reached skill level 8 in Axes
  3787 | D:4      | Identified Sif Muna's Papyrus of Good Luck
  4157 | D:5      | Entered Level 5 of the Dungeon
  4177 | D:5      | Reached skill level 9 in Axes
  4295 | D:5      | Noticed Menkaure
  4304 | D:5      | Killed Menkaure
  4304 | D:5      | Reached skill level 10 in Axes
  4304 | D:5      | Reached XP level 8. HP: 35/66 MP: 8/8
  4478 | D:5      | Reached skill level 11 in Axes
  4541 | D:5      | Noticed Duvessa
  4541 | D:5      | Noticed Dowan
  4554 | D:5      | Killed Duvessa
  4564 | D:5      | Killed Dowan
  4564 | D:5      | Reached skill level 12 in Axes
  4615 | D:5      | Found a hide-covered altar of Uskayaw.
  4617 | D:5      | Found a deep blue altar of Sif Muna.
  4617 | D:5      | Found a white marble altar of Elyvilon.
  5160 | D:6      | Reached skill level 13 in Axes
  5160 | D:6      | Reached XP level 9. HP: 71/71 MP: 9/9
  5160 | D:6      | Reached skill level 1 in Evocations
  5256 | D:6      | Found a runed door.
  5275 | D:6      | Noticed Crazy Yiuf
  5276 | D:6      | Killed Crazy Yiuf
  5768 | D:7      | Found a hazy altar of Hepliaklqana.
  5769 | D:7      | Found a basalt altar of Yredelemnul.
  5791 | D:7      | Reached skill level 14 in Axes
  5853 | D:7      | Noticed Pikel
  5870 | D:7      | Killed Pikel
  5870 | D:7      | Reached skill level 5 in Fighting
  5870 | D:7      | Reached skill level 5 in Armour
  6158 | D:7      | Found a staircase to the Ecumenical Temple.
  6166 | Temple   | Entered the Ecumenical Temple
  6205 | Temple   | Became a worshipper of Zin the Law-Giver
  6205 | Temple   | Reached * piety under Zin
  6205 | Temple   | Reached ** piety under Zin
  6519 | D:7      | Reached *** piety under Zin
  6604 | D:8      | Reached XP level 10. HP: 82/83 MP: 12/12
  6726 | D:8      | Found a runed door.
  6727 | D:8      | Identified the +11 trident "Ultimatum" {drain, Dex+3}
  6727 | D:8      | Noticed Shaidar's ghost (novice GnWz)
  7516 | D:8      | Noticed a two-headed ogre
  7523 | D:8      | Killed a two-headed ogre
  7523 | D:8      | Reached skill level 15 in Axes
  7774 | D:8      | Reached skill level 16 in Axes
  7783 | D:8      | Killed Shaidar's ghost
  8216 | D:9      | Reached **** piety under Zin
  8351 | D:9      | Reached XP level 11. HP: 64/92 MP: 14/14
  8518 | D:9      | Noticed a three-headed hydra
  8527 | D:9      | Killed a one-headed hydra
  8580 | D:9      | Reached skill level 1 in Invocations
  8592 | D:9      | Found a staircase to the Lair.
  8835 | D:9      | Got brightly glowing gold dragon scales
  8836 | D:9      | Identified the +2 gold dragon scales of Fajiuxke {*Corrode
                  | rElec rPois rF+ rC+ Int+9 Stlth-} (You found it on level 9
                  | of the Dungeon)
  9434 | D:9      | Noticed a queen ant
  9450 | D:9      | Killed a queen ant
  9798 | D:9      | Reached skill level 5 in Evocations
 10200 | D:10     | Entered Level 10 of the Dungeon
 10393 | D:10     | Noticed Snorg
 10410 | D:10     | HP: 4/97 [Snorg (11)]
 10413 | D:10     | Mangled by Snorg

Vault maps used:
D:1:      onia_arrival_pyramid
D:3:      first_ration
D:4:      nicolae_gozag_seed_capital, serial_shops, kennysheep_mini,
          serial_bayou_ford_a, led_sif_book
D:5:      chequers_temple_overflow_statue_of_worship, uniq_menkaure,
          uniq_duvessa
D:6:      uniq_crazy_yiuf_cottage
D:7:      gammafunk_temple_overflow_pools, minmay_temple_entry_slanted,
          uniq_pikel
D:8:      ebering_ghost_funeral_grove
D:9:      minmay_lair_entry_grove, hangedman_ranch, zaba_antful_of_joy
D:10:     minmay_the_grid_square_5x5_4x4, zombieorc2_lemuel, serial_bayou,
          serial_bayou_lake_a, serial_bayou_pond_e, serial_bayou_shore_b,
          serial_bayou_pond_d, uniq_snorg
Temple:   eino_temple_rhombus

Skill      XL: |  1  2  3  4  5  6  7  8  9 10 11 |
---------------+----------------------------------+-----
Armour         | 1 2 3 4 5 7 8 |  8.8
Stealth        | 2 |  2.0
Fighting       | 4 6 7 9 |  9.2
Dodging        | 3 4 |  4.9
Axes           | 5 6 7 10 13 14 16 | 16.0
Evocations     | 3 4 5 |  5.0
Invocations    | 4 |  4.1

Action                   |  1- 3 |  4- 6 |  7- 9 | 10-12 || total
-------------------------+-------+-------+-------+-------++-------
Melee: Hand axe          |   110 |   201 |       |     3 ||   314
       Whip              |       |    48 |   241 |       ||   289
       War axe           |       |       |    22 |   371 ||   393
Invok: Recite            |       |       |       |     2 ||     2
Evoke: Wand              |       |       |     7 |       ||     7
  Use: Potion            |     4 |     5 |     5 |     6 ||    20
       Scroll            |     1 |     3 |     5 |     8 ||    17
 Stab: Sleeping          |     1 |     1 |     4 |     2 ||     8
  Eat: Chunk             |     1 |     7 |    11 |     8 ||    27
       Ration            |       |       |       |     1 ||     1
Armor: Ring mail         |    39 |    58 |    67 |    47 ||   211
       Gold dragon scale |       |       |       |    91 ||    91
Dodge: Dodged            |    52 |   205 |   128 |   129 ||   514

Table legend:
 A = Non-vault XP
 B = Vault XP
 C = Vault XP percentage of total XP
 D = Non-vault monster count
 E = Vault monster count
 F = Vault count percentage of total count
                 A         B        C        D         E       F
            +---------+---------+-------+---------+---------+-------
      Total |    6476 |   10302 |  61.4 |     179 |      67 |  27.2
            +---------+---------+-------+---------+---------+-------
        D:1 |      24 |       0 |   0.0 |      16 |       0 |   0.0
        D:2 |     167 |       0 |   0.0 |      35 |       0 |   0.0
        D:3 |     250 |       0 |   0.0 |      29 |       0 |   0.0
        D:4 |     344 |      80 |  18.9 |       7 |       2 |  22.2
        D:5 |     887 |     379 |  29.9 |      18 |       3 |  14.3
        D:6 |     742 |      40 |   5.1 |      13 |       1 |   7.1
        D:7 |    1059 |     641 |  37.7 |      20 |       1 |   4.8
        D:8 |    1865 |    1486 |  44.3 |      19 |       4 |  17.4
        D:9 |     995 |    6816 |  87.3 |      14 |      50 |  78.1
       D:10 |     143 |     860 |  85.7 |       8 |       6 |  42.9
            +---------+---------+-------+---------+---------+-------
